 Dungeon Crawl Stone Soup version 0.20.1-1-g8b1a95d (webtiles) character file.

246 suicidejoker the Sneak (level 5, -3/27 HPs)
             Began as a Spriggan Assassin on Aug 17, 2017.
             Slain by Plaque's ghost (11 damage)
             ... on level 4 of the Dungeon.
             The game lasted 00:10:14 (2772 turns).

suicidejoker the Sneak (Spriggan Assassin)          Turns: 2772, Time: 00:10:15

Health: -3/27      AC:  6    Str:  8      XL:     5   Next: 84%
Magic:  6/6        EV: 23    Int: 15 (16) God:
Gold:   103        SH:  0    Dex: 17      Spells: 4/4 levels left

rFire    . . .     SeeInvis +   a - +2 dagger
rCold    . . .     Gourm    .   (shield restricted)
rNeg     . . .     Faith    .   k - +2 animal skin
rPois    .         Spirit   .   (helmet restricted)
rElec    .         Reflect  .   d - +1 cloak
rCorr    .         Harm     .   (gloves unavailable)
MR       .....                  (boots unavailable)
Stlth    ++++......             (no amulet)
Regen    0.1/turn               v - +3 ring of intelligence
MPRegen  0.1/turn               m - +3 ring of evasion

@: very quick
A: unfitting armour, see invisible, herbivore 3, speed 3, slow metabolism 2
a: no special abilities


You were on level 4 of the Dungeon.
You were not hungry.

You visited 1 branch of the dungeon, and saw 4 of its levels.

You collected 103 gold pieces.

Inventory:

Hand Weapons
 a - a +2 dagger (weapon)
 b - a +0 blowgun
 w - a +3 quarterstaff of chaos
Missiles
 e - 25 poisoned needles
 f - 2 curare-tipped needles
Armour
 c - a +0 robe
 d - a +1 cloak (worn)
 k - a +2 animal skin (worn)
Jewellery
 l - an uncursed ring of protection from cold
 m - a +3 ring of evasion (right hand)
 v - a +3 ring of intelligence (left hand)
Wands
 u - a wand of polymorph (19/24)
Scrolls
 h - a scroll of remove curse
 i - 2 scrolls of identify {unknown}
 n - a scroll of enchant weapon {unknown}
Potions
 j - a potion of degeneration
Books
 r - a book of Maledictions

   Spells                             Type                      Level
   a - Corona                         Hexes                        1
   b - Ensorcelled Hibernation        Hexes/Ice                    2
   c - Confuse                        Hexes                        3
   d - Tukima's Dance                 Hexes                        3
   e - Dazzling Spray                 Conjuration/Hexes            3
Comestibles
 g - 2 bread rations
 p - a royal jelly


   Skills:
 + Level 2.6 Fighting
 + Level 3.1 Short Blades
 - Level 2.0 Throwing
 * Level 5.0 Dodging
 * Level 7.9 Stealth


You had 4 spell levels left.
You didn't know any spells.

Dungeon Overview and Level Annotations

Branches:
Dungeon (4/15)
 Temple: D:4-7

Altars:
Ashenzari
Uskayaw

Annotations:
D:4 Plaque's ghost, amateur FoFi


Innate Abilities, Weirdness & Mutations

You are very small and have problems with some larger weapons.
You are too small for most types of armour.
You have supernaturally acute eyesight. (SInv)
You are a herbivore.
You cover ground extremely quickly.
You need consume almost no food.


Message History

Plaque's ghost hits you but does no damage.
You hit Plaque's ghost.
Plaque's ghost is heavily damaged.
Plaque's ghost misses you.
You hit Plaque's ghost.
Plaque's ghost is heavily damaged.
Plaque's ghost closely misses you.
You hit Plaque's ghost.
Plaque's ghost is heavily damaged.
Plaque's ghost completely misses you.
You closely miss Plaque's ghost.
Plaque's ghost is heavily damaged.
Plaque's ghost hits you!
* * * LOW HITPOINT WARNING * * *
You hit Plaque's ghost but do no damage.
Plaque's ghost is heavily damaged.
You hit Plaque's ghost.
Plaque's ghost is severely damaged.
Plaque's ghost hits you!
You die...

###.# #.... #.#.#
#.#.# #.#.#
####### #.#.#
#.....
#.#.######..######
..#.....W.>.#..#.#
...............#@#
###########....#W#
#.#....# #.######
#.. ###


You could see Plaque's ghost.

Vanquished Creatures
  An ogre (D:4)
  Crazy Yiuf (D:3)
  A mummy (D:4)
  Robin (D:4)
  3 adders (D:3)
  2 oozes
  A worm (D:4)
  3 leopard geckos
  5 bats
  7 giant cockroaches
  13 hobgoblins
  2 jackals (D:2)
  A quokka (D:4)
  3 frilled lizards
  5 goblins
  2 hobgoblin zombies (D:4)
  8 kobolds
  2 orc zombies (D:4)
  13 rats
  A fungus (D:3)
75 creatures vanquished.

Vanquished Creatures (others)
  A hobgoblin (D:3)
1 creature vanquished.

Grand Total: 76 creatures vanquished

Notes
Turn   | Place    | Note
-------+----------+-------------------------------------------
     0 | D:1      | suicidejoker the Spriggan Assassin began the quest for the Orb.
     0 | D:1      | Reached XP level 1. HP: 10/10 MP: 2/2
   134 | D:1      | Reached XP level 2. HP: 15/15 MP: 3/3
   171 | D:1      | Found a shattered altar of Ashenzari.
   217 | D:1      | Reached skill level 6 in Stealth
   551 | D:1      | You fall through a shaft!
   619 | D:2      | Reached XP level 3. HP: 12/18 MP: 4/4
   625 | D:2      | Found a hide-covered altar of Uskayaw.
  1119 | D:3      | Reached XP level 4. HP: 14/23 MP: 5/5
  1849 | D:3      | Reached skill level 7 in Stealth
  1949 | D:3      | Found a runed door.
  1953 | D:3      | Noticed Crazy Yiuf
  1957 | D:3      | Killed Crazy Yiuf
  2239 | D:4      | Noticed an ogre
  2244 | D:4      | Killed an ogre
  2244 | D:4      | Reached XP level 5. HP: 27/27 MP: 6/6
  2265 | D:4      | Noticed Robin
  2331 | D:4      | Killed Robin
  2526 | D:4      | Reached skill level 5 in Dodging
  2706 | D:4      | Noticed Plaque's ghost (amateur FoFi)
  2772 | D:4      | Slain by Plaque's ghost

Skill      XL: |  1  2  3  4  5 |
---------------+----------------+-----
Dodging        | 2 3 4 5 |  5.0
Stealth        | 6 7 |  7.9
Fighting       | 2 |  2.6
Short Blades   | 3 |  3.1
Throwing       | |  2.0

Action                   |  1- 3 |  4- 6 || total
-------------------------+-------+-------++-------
Melee: Dagger            |   140 |   238 ||   378
  Use: Scroll            |       |     8 ||     8
       Potion            |       |     6 ||     6
 Stab: Sleeping          |    11 |     7 ||    18
       Distracted        |       |     1 ||     1
Armor: Robe              |    20 |    12 ||    32
       Skin              |       |    47 ||    47
       Animal skin       |       |     3 ||     3
Dodge: Dodged            |    97 |    98 ||   195
